 Dungeon Crawl Stone Soup version 0.32-a0-42-ga30500b4d3 (webtiles) character file.

Game seed: 12619076299503395418

17808 Dittersdorf the Blocker (level 12, -8/80 HPs)
             Began as a Gargoyle Fighter on Jan 29, 2024.
             Was an Initiate of Gozag.
             Mangled by a wolf spider (11 damage)
             ... in a Gauntlet.
             The game lasted 00:20:58 (12977 turns).

Dittersdorf the Blocker (Gargoyle Fighter)         Turns: 12977, Time: 00:20:58

Health: -8/80      AC:  6    Str: 31    XL:     12   Next: 51%
Magic:  12/12      EV:  7    Int:  9    God:    Gozag
Gold:   2515       SH: 16    Dex:  9    Spells: 11/11 levels left

rFire   + . .        c - +2 morningstar (drain)
rCold   + . .        d - +0 kite shield
rNeg    + . .        C - +1 plate armour {rF+}
rPois   ∞            v - +0 helmet
rElec   +            a - +2 cloak of Nemelex Xobeh's Pride {rC+ Regen+}
rCorr   .            (no gloves)
SInv    +            (no boots)
Will    .....        K - amulet of reflection Stlth
                     n - ring of see invisible
HPRegen 1.13/turn    i - +6 ring of strength
MPRegen 0.13/turn

%: no teleportation, reflection
@: corroded, gold aura
A: sickness immunity, AC +8, negative energy resistance 1, electricity
resistance, torment resistance 1, petrification resistance, deterioration 1
a: Renounce Religion, Potion Petition, Call Merchant, Bribe Branch


You were in a Gauntlet.
You worshipped Gozag.
Gozag was most pleased with you.
You visited 3 branches of the dungeon, and saw 14 of its levels.
You also visited: Sewer, Ossuary and Gauntlet.

You collected 2633 gold pieces.
You paid 118 gold pieces to Gozag.

Inventory:

Hand Weapons
 c - a +2 morningstar of draining (weapon)
 u - a +1 morningstar
Armour
 a - the +2 cloak of Nemelex Xobeh's Pride (worn) {rC+ Regen+}
   (You acquired it on level 11 of the Dungeon)

   rC+:       It protects you from cold.
   Regen+:    It increases your rate of health regeneration.
 d - a +0 kite shield (worn)
 v - a +0 helmet (worn)
 B - a +1 ring mail of positive energy
 C - a +1 plate armour of fire resistance (worn)
Magical Staves
 N - a staff of earth
Jewellery
 h - a ring of ice
 i - a +6 ring of strength (right hand)
 n - a ring of see invisible (left hand)
 y - a ring of magical power
 D - a ring of ice
 K - an amulet of reflection (around neck)
Wands
 g - a wand of roots (11)
 l - a wand of paralysis (11)
 q - a wand of flame (12) (quivered)
 x - a wand of digging (7)
 A - a wand of light (9)
 E - a wand of mindburst (8)
Scrolls
 b - 2 scrolls of poison
 t - a scroll of enchant weapon
 z - a scroll of silence
 F - a scroll of fear
 H - 2 scrolls of teleportation
 I - a scroll of blinking
Potions
 e - 2 potions of haste
 f - 3 potions of heal wounds
 j - 3 potions of brilliance
 k - a potion of ambrosia
 m - 2 potions of invisibility
 o - 8 potions of curing {unknown}
 p - 2 potions of attraction {unknown}
 r - 3 potions of mutation {unknown}
 s - 3 potions of magic {unknown}
 w - a potion of resistance {unknown}
 G - a potion of lignification {unknown}
 J - 2 potions of berserk rage {unknown}
 L - a potion of enlightenment
Miscellaneous
 M - a lightning rod (4/4)


   Skills:
 + Level 11.6 Fighting
 + Level 10.4 Maces & Flails
 + Level 11.6 Armour
 + Level 11.6 Shields


You had 11 spell levels left.
You didn't know any spells.
Your spell library contained the following spells:

 Spells                   Type           Power      Damage    Failure   Level
 Magic Dart               Conj           0%         1d3       98%         1
 Blink                    Tloc           0%         N/A       99%         2
 Call Imp                 Summ           0%         N/A       99%         2
 Mercury Vapours          Alch/Air       0%         N/A       99%         2
 Dazzling Flash           Conj/Hex       0%         N/A       100%        3
 Inner Flame              Hex/Fire       0%         N/A       100%        3
 Mephitic Cloud           Conj/Alch/Air  0%         N/A       100%        3
 Tukima's Dance           Hex            0%         N/A       100%        3
 Anguish                  Hex/Necr       0%         N/A       100%        4
 Cause Fear               Hex            0%         N/A       100%        4
 Dimensional Bullseye     Hex/Tloc       0%         N/A       100%        4
 Dispel Undead            Necr           0%         3d6       100%        4
 Flame Wave               Conj/Fire      0%         2d4       100%        4
 Iskenderun's Mystic Bla  Conj/Tloc      0%         2d3       100%        4
 Martyr's Knell           Necr/Summ      0%         N/A       100%        4
 Sticky Flame             Fire/Alch      0%         2d4       100%        4
 Curse of Agony           Necr           0%         N/A       100%        5
 Freezing Cloud           Conj/Ice/Air   0%         6-21      100%        5
 Silence                  Hex/Air        0%         N/A       100%        5
 Death Channel            Necr           0%         N/A       100%        6
 Enfeeble                 Hex            0%         N/A       100%        7
 Summon Hydra             Summ           0%         N/A       100%        7
 Cigotuvi's Dreadful Rot  Necr/Alch/Air  Unusable   N/A       N/A         2
 Sublimation of Blood     Necr           Unusable   N/A       N/A         2

Dungeon Overview and Level Annotations

Branches:
Dungeon (11/15)            Temple (1/1) D:5            Lair (2/5) D:9
    Orc (0/2) D:11          Sewer (visited)         Ossuary (visited)
Gauntlet (1/1)
  Swamp: Lair:2-3    Shoals: Lair:2-3     Snake: Lair:2-3    Spider: Lair:2-3

Altars:
Ashenzari
Cheibriados
Dithmenos
Elyvilon
Fedhas
Gozag
Hepliaklqana
Kikubaaqudgha
Makhleb
Nemelex Xobeh
Okawaru
Qazlal
Ru
Sif Muna
Trog
Uskayaw
Vehumet
Wu Jian
Xom
Yredelemnul
Zin
The Shining One

Shops:
D:1 *   D:4 (   D:7 [   D:8 (

Annotations:
D:11 4 runed translucent doors Gauntlet 6 transporters, 2 runed translucent doors


Innate Abilities, Weirdness & Mutations

You are immune to sickness and miasma.
Your stone body is resilient. (AC +8)
You are immune to poison.
You resist negative energy. (rN+)
You are resistant to electric shocks. (rElec)
You are resistant to unholy torment.
You are immune to petrification.
Your body sometimes deteriorates upon taking damage.


Message History

You drain the entropy weaver.
The entropy weaver is almost dead.
The wolf spider hits you. You block the wolf spider's attack.
The entropy weaver casts a spell at you.
The entropic weave corrodes you!
You hit the entropy weaver but do no damage.
You drain the entropy weaver.
The entropy weaver is almost dead.
You block the wolf spider's attack. The wolf spider bites you!
You block the entropy weaver's attack. The entropy weaver closely misses you.
You block the entropy weaver's attack.
The entropy weaver hits you but does no damage.
The wolf spider hits you!
The wolf spider bites you but does no damage.
The entropy weaver hits you but does no damage. x2
The entropy weaver closely misses you.
The entropy weaver hits you but does no damage.
You closely miss the entropy weaver.
The entropy weaver is almost dead.
The wolf spider hits you!!
* * * LOW HITPOINT WARNING * * *
The wolf spider bites you but does no damage.
You block the entropy weaver's attack. x2
The entropy weaver hits you but does no damage.
You block the entropy weaver's attack.
You puncture the entropy weaver!
You kill the entropy weaver!
You block the wolf spider's attack. x3; The wolf spider bites you.
* * * LOW HITPOINT WARNING * * *
You hit the wolf spider.
The wolf spider is lightly wounded.
The wolf spider barely misses you. You block the wolf spider's attack. x2
The wolf spider bites you but does no damage.
You barely miss the wolf spider.
The wolf spider is lightly wounded.
The wolf spider hits you.
* * * LOW HITPOINT WARNING * * *
The wolf spider bites you!
You die...
Your body crumbles into a pile of gold.

#########.....#.©. #...#.
$.©[=..#...###### #...#.#
....#.#...#.[}©/
.#.#####.#...#.^#####^.#...#.####
.#.#~~~#.#...#..##^##..#...#.#^..
.#.#.©.#.#.8.#....©....#.8.#.# ©.
.#.+...+.#...#..##.##.○#...#B#..^
.#.#####y#...#.^#####..#...#s.###
.#.....yy#...#^#@$...#B#...#s....
.#########...#...s.....#...######
.....©.......###########.......©.
.....8....§8......©......8.....8§
..........§....∩..8..∩...........
≈#≈#≈#≈#≈#≈#.............#≈#≈#≈#≈
# ##########≈#≈#≈#≈#§#≈#########
#############


You could see a wolf spider.

Vanquished Creatures
  An entropy weaver (Gauntlet)
  Fannar (D:9)
  Erolcha (D:8)
  An ice dragon (Lair:1)
  3 two-headed ogres
  An ugly thing (D:10)
  Maurice (D:9)
  Maggie (D:6)
  A rime drake (D:8)
  A kobold demonologist (D:8)
  3 trolls
  2 polar bears (D:8)
  A hornet (D:8)
  Grinder (D:5)
  A jumping spider (Gauntlet)
  A shadow (D:8)
  20 yaks
  2 wyverns (D:9)
  2 wraiths (D:10)
  A basilisk (Lair:1)
  A fire elemental (Lair:1)
  2 sky beasts (D:7)
  3 water moccasins
  Duvessa (D:6)
  Pargi (Sewer)
  10 orc warriors
  4 ice beasts
  3 ogres
  3 wolves
  3 centaurs
  3 phantoms
  6 kobold brigands
  A brain worm (Sewer)
  4 gnoll sergeants
  7 bullfrogs
  3 scorpions
  2 burial acolytes (Ossuary)
  5 wights (D:6)
  Dowan (D:6)
  10 killer bees
  A howler monkey (D:8)
  2 electric eels (D:11)
  A centaur zombie (Ossuary)
  2 hounds (D:5)
  3 orc priests
  4 bombardier beetles
  A gnoll bouda (D:7)
  A jelly (D:7)
  2 iguanas (D:7)
  A sleepcap (D:8)
  Ijyb (D:4)
  10 orc wizards
  4 mummies (Ossuary)
  22 gnolls
  13 adders
  A shadow imp (D:4)
  4 white imps
  6 ufetubi
  A dart slug (D:1)
  3 ribbon worms (D:4)
  28 orcs
  13 ball pythons
  3 bats
  6 endoplasms
  6 giant cockroaches
  A gnoll zombie (Ossuary)
  6 goblins
  2 hobgoblins
  29 kobolds
  6 quokkas
  3 frilled lizards
  3 kobold zombies (Ossuary)
  3 orc zombies (Ossuary)
  10 rats
321 creatures vanquished.

Vanquished Creatures (collateral kills)
  An iguana (D:4)
  A gnoll (D:4)
2 creatures vanquished.

Vanquished Creatures (others)
  An orc (D:9)
  A kobold (D:9)
  2 spectral weapons (D:6)
4 creatures vanquished.

Grand Total: 327 creatures vanquished

Notes
Turn   | Place    | Note
-------+----------+-------------------------------------------
     0 | D:1      | Dittersdorf the Gargoyle Fighter began the quest for the
                  | Orb.
     0 | D:1      | Reached XP level 1. HP: 14/14 MP: 1/1
     9 | D:1      | Found Ruehar's Assorted Antiques.
    92 | D:1      | Reached XP level 2. HP: 16/19 MP: 2/2
   474 | D:1      | Reached XP level 3. HP: 21/23 MP: 3/3
  1056 | D:2      | Found a faded altar of an unknown god.
  1277 | D:2      | Found a blossoming altar of Fedhas.
  1458 | D:2      | Identified the +0 ring mail of Lesser Demons {Int+3}
  1745 | D:3      | Reached XP level 4. HP: 29/29 MP: 4/4
  2111 | D:2      | Reached XP level 5. HP: 33/33 MP: 5/5
  2651 | D:4      | Reached XP level 6. HP: 27/39 MP: 6/6
  2816 | D:4      | Found a glowing drain.
  2820 | Sewer    | Entered a sewer
  2876 | Sewer    | Noticed Pargi
  2884 | Sewer    | Killed Pargi
  2885 | Sewer    | Reached skill level 5 in Fighting
  2885 | Sewer    | Reached skill level 5 in Armour
  2885 | Sewer    | Reached skill level 5 in Shields
  2885 | Sewer    | Reached XP level 7. HP: 42/44 MP: 7/7
  3156 | D:4      | Found a sacrificial altar of Ru.
  3245 | D:4      | Noticed Ijyb
  3252 | D:4      | Killed Ijyb
  3327 | D:4      | Found Rufifaf's Weapon Boutique.
  3568 | D:5      | Entered Level 5 of the Dungeon
  3598 | D:5      | Found an ornate altar of the Wu Jian Council.
  3822 | D:5      | Reached XP level 8. HP: 41/51 MP: 8/8
  3835 | D:5      | Found a staircase to the Ecumenical Temple.
  3844 | Temple   | Entered the Ecumenical Temple
  3850 | Temple   | Became a worshipper of Gozag Ym Sagoz the Greedy
  3953 | D:5      | Noticed Grinder
  3958 | D:5      | Paralysed by Grinder for 2 turns
  3962 | D:5      | Paralysed by Grinder for 2 turns
  3967 | D:5      | Killed Grinder
  3968 | D:5      | Reached skill level 5 in Maces & Flails
  4048 | D:5      | Found a sand-covered staircase.
  4058 | Ossuary  | Entered an ossuary
  4663 | D:6      | Reached XP level 9. HP: 42/57 MP: 9/9
  4761 | D:6      | Noticed Duvessa
  4771 | D:6      | Killed Duvessa
  4771 | D:6      | Noticed Dowan
  4792 | D:6      | Killed Dowan
  4793 | D:6      | Noticed Maggie
  4981 | D:6      | Killed Maggie
  5685 | D:6      | Noticed a troll
  5692 | D:6      | Killed a troll
  5827 | D:6      | Reached XP level 10. HP: 59/64 MP: 10/10
  5927 | D:7      | Found Geffusch's Antique Armour Shoppe.
  6659 | D:8      | Found a broken altar of Ashenzari.
  6714 | D:8      | Noticed a two-headed ogre
  6722 | D:8      | Killed a two-headed ogre
  7058 | D:8      | Found Gies's Weapon Shop.
  7747 | D:9      | Noticed Erolcha
  7771 | D:8      | Killed Erolcha
  8116 | D:9      | Noticed a kobold demonologist
  8120 | D:9      | Reached XP level 11. HP: 71/71 MP: 11/11
  8255 | D:8      | Gained mutation: Your body sometimes deteriorates upon
                  | taking damage. [a neqoxec]
  8563 | D:9      | Found a staircase to the Lair.
  8607 | D:9      | Identified the +1 robe of Limitation {Dex+4}
  8618 | D:9      | Reached skill level 10 in Fighting
  8618 | D:9      | Reached skill level 10 in Armour
  8618 | D:9      | Reached skill level 10 in Shields
  8700 | D:9      | Found a blossoming altar of Fedhas.
  8700 | D:9      | Identified the +7 hand axe "Xaewev" {flame, ^Fragile Will+
                  | rCorr Str+2}
  8709 | D:9      | Found a basalt altar of Yredelemnul.
  8709 | D:9      | Found a burning altar of Makhleb.
  8709 | D:9      | Found a shadowy altar of Dithmenos.
  8710 | D:9      | Found a stormy altar of Qazlal.
  8710 | D:9      | Found a bloodstained altar of Trog.
  8711 | D:9      | Found a shimmering blue altar of Sif Muna.
  8711 | D:9      | Found a hide-covered altar of Uskayaw.
  8711 | D:9      | Found a radiant altar of Vehumet.
  8725 | D:9      | Noticed Maurice
  8773 | D:9      | Killed Maurice
  9214 | D:10     | Entered Level 10 of the Dungeon
  9425 | D:10     | Noticed Fannar
  9448 | D:9      | Killed Fannar
  9997 | D:10     | Noticed a two-headed ogre
 10004 | D:10     | Killed a two-headed ogre
 10158 | D:10     | Found a glowing silver altar of Zin.
 10160 | D:10     | Noticed an angel
 10164 | D:10     | Found a shimmering altar of Xom.
 10326 | D:11     | Noticed a spark wasp
 10326 | D:11     | Found a runed translucent door.
 10377 | D:11     | Found a runed translucent door.
 10392 | D:11     | Noticed a red ugly thing
 10414 | D:10     | Killed a red ugly thing
 10942 | D:11     | Reached XP level 12. HP: 59/79 MP: 12/12
 11044 | D:11     | Noticed a two-headed ogre
 11065 | D:11     | Killed a two-headed ogre
 11073 | D:11     | Reached skill level 10 in Maces & Flails
 11388 | D:11     | Found a runed translucent door.
 11396 | D:11     | Noticed a spark wasp
 11406 | D:11     | Found a runed translucent door.
 11406 | D:11     | Noticed a storm dragon
 11457 | D:11     | Identified a scroll of acquirement
 11457 | D:11     | Acquired the +2 cloak of Nemelex Xobeh's Pride {rC+ Regen+}
 11721 | D:11     | Found a staircase to the Orcish Mines.
 11895 | D:11     | Noticed a shock serpent
 11898 | D:11     | Found the +5 Storm Queen's Shield {shock, Fly rElec}
 11898 | D:11     | Noticed a shock serpent
 11991 | Lair:1   | Entered Level 1 of the Lair of Beasts
 12032 | Lair:1   | Noticed an ice dragon
 12085 | Lair:1   | Killed an ice dragon
 12862 | Lair:2   | Found a gate leading to a gauntlet.
 12901 | Gauntlet | Entered a Gauntlet
 12901 | Gauntlet | Found a transporter.
 12902 | Gauntlet | Found a runed translucent door.
 12904 | Gauntlet | Found a transporter.
 12906 | Gauntlet | Found a runed translucent door.
 12906 | Gauntlet | Noticed an entropy weaver
 12925 | Gauntlet | Noticed an entropy weaver
 12928 | Gauntlet | Found a transporter.
 12932 | Gauntlet | Found a transporter.
 12933 | Gauntlet | Found a transporter.
 12936 | Gauntlet | Found a transporter.
 12936 | Gauntlet | Found a transporter.
 12975 | Gauntlet | Killed an entropy weaver
 12977 | Gauntlet | HP: 3/80 [wolf spider (4)]
 12977 | Gauntlet | Mangled by a wolf spider

Illustrated notes

Levels and vault maps discovered:
D:1:      dpeg_arrival_arbitrary_c, layout_basic, serial_shops,
          nicolae_shop_dealshenge
D:2:      layout_basic, basic_altar, hellmonk_ecumenical_altar_slurped_away
D:3:      layout_rooms, st_stairs_4, grunt_ministairs_12
D:4:      layout_basic, mainiacjoe_overflow_24_doors, serial_shops,
          nicolae_shop_statue_plus, gup_sewer_entry_spiral,
          hangedman_abyss_or_decor_stabs, uniq_ijyb
D:5:      layout_basic, mainiacjoe_overflow_paths, minmay_temple_entry_waves,
          mainiacjoe_ossuary_entry_dusty_tomb, uniq_grinder
D:6:      layout_rooms, serial_library_hellmonk_secret_room, uniq_maggie,
          uniq_duvessa
D:7:      layout_rooms, serial_shops, shop, kennysheep_generic_room_11
D:8:      layout_basic, evilmike_ruin_ashenzari, serial_shops,
          nicolae_shop_bloodbath_and_beyond, kennysheep_generic_room_12
D:9:      layout_cave_pools, nicolae_overflows_in_rows, hellmonk_lair_entry_icy,
          kennysheep_generic_room_3, uniq_erolcha, uniq_maurice
D:10:     layout_cave_pools, grunt_temple_overflow_order_and_chaos_1,
          minmay_misc_feat_encased, uniq_fannar
D:11:     layout_cave_pods, erik_orc_2, nicolae_guarded_unrand_storm_shield
Temple:   hellmonk_temple_micro_hex
Lair:1:   dragon1_lemuel, layout_gridlike
Lair:2:   layout_hall_layers, guppyfry_snake_entry_island,
          gauntlet_entry_generic, portal_ice_cave_rime, st_stairs_7,
          dreamdust_deal_with_the_devil, infiniplex_staircase_pool_2
Gauntlet: minmay_gauntlet_mixed_oops_all_seconds
          [minmay_gauntlet_arena_77_shame_cube, nicolae_gauntlet_arena_blocks,
          minmay_gauntlet_arena_77_box,
          minmay_gauntlet_arena_make_your_own_arena,
          minmay_gauntlet_arena_77_chump_sandwich,
          gammafunk_gauntlet_arena_corners, gauntlet_exit_green]

Skill      XL: |  1  2  3  4  5  6  7  8  9 10 11 12 |
---------------+-------------------------------------+-----
Fighting       | 4 5 7 8 9 10 11 | 11.6
Armour         | 4 5 7 8 9 10 11 | 11.6
Shields        | 4 5 7 8 9 10 11 | 11.6
Maces & Flails | 3 4 5 7 8 9 10 | 10.4

Action                     |  1- 3 |  4- 6 |  7- 9 | 10-12 || total
---------------------------+-------+-------+-------+-------++-------
  Melee: Flail             |    17 |    72 |   259 |   524 ||   872
         Whip              |    69 |    36 |       |       ||   105
         Morningstar       |       |       |       |   110 ||   110
  Evoke: Wand              |       |       |       |     3 ||     3
    Use: Scroll            |       |     7 |     6 |     6 ||    19
         Potion            |       |       |       |     4 ||     4
   Stab: Distracted        |       |     1 |     1 |     3 ||     5
 Armour: Scale mail        |    43 |    85 |    12 |       ||   140
         Ring mail         |       |       |   185 |   265 ||   450
         Plate armour      |       |       |       |   309 ||   309
  Dodge: Dodged            |    35 |    46 |   124 |   241 ||   446
  Block: Buckler           |    15 |    39 |    88 |   159 ||   301
         Kite shield       |       |       |       |   148 ||   148

Table legend: (Time is in decaauts)
 A = Elapsed time spent in this place.
 B = Non-inter-level travel time spent in this place.
 C = Inter-level travel time spent in this place.
 D = Time resting spent in this place.
 E = Time spent auto-exploring this place.
 F = Levels seen in this place.
 G = Mean time per level.
                   A        B        C        D        E       F      G
               +--------+--------+--------+--------+--------+-----+--------+
         Total |  13118 |  12483 |    635 |   2097 |   6954 |  17 |  771.6 |
       Dungeon |  11637 |  11054 |    583 |   2035 |   6055 |  11 | 1057.9 |
        Temple |     11 |     11 |      0 |      0 |      0 |   1 |   11.0 |
          Lair |    913 |    861 |     52 |     15 |    655 |   2 |  456.5 |
         Sewer |    238 |    238 |      0 |     20 |    148 |   1 |  238.0 |
       Ossuary |    239 |    239 |      0 |     27 |     95 |   1 |  239.0 |
      Gauntlet |     77 |     77 |      0 |      0 |      0 |   1 |   77.0 |
               +--------+--------+--------+--------+--------+-----+--------+

Top non-repeatable levels by time:
     D:8: 1858 daAuts
    D:11: 1422 daAuts
     D:6: 1220 daAuts
     D:9: 1148 daAuts
     D:2: 1052 daAuts
     D:5: 1007 daAuts
     D:1: 944 daAuts
  Lair:1: 866 daAuts
    D:10: 859 daAuts
     D:4: 743 daAuts
     D:7: 713 daAuts
     D:3: 666 daAuts
 Ossuary: 239 daAuts
   Sewer: 238 daAuts
Gauntlet: 77 daAuts
